[Event "Titled Tuesday Blitz June 13 Late 2023"]
[White "Przybylski, Wojciech"]
[Black "Piesik, Piotr"]
[WhiteFideId "1117599"]
[BlackFideId "1136194"]
[WhiteElo "2228"]
[BlackElo "2303"]
[Result "0-1"]
[Round "6"]
[TimeControl "180+2"]
[Date "2023.06.13"]
[WhiteClock "0:00:04"]
[BlackClock "0:00:05"]
[Board "87"]

1. d4 c5 2. e3 Nf6 3. Nf3 d5 4. g3 Bf5 5. Bg2 e6 6. O-O h6 7. Nbd2 Nc6 8. b3 cxd4 9. exd4 Nb4 10. Ne1 Rc8 11. c4 Be7 12. Bb2 O-O 13. a3 Nd3 14. Bc3 dxc4 15. bxc4 b5 16. Nc2 bxc4 17. Ne3 Bg6 18. Ndxc4 Rxc4 19. Nxc4 Qc7 20. Ne5 Qxc3 21. Nxg6 fxg6 22. Bh3 Qxd4 23. Bxe6+ Kh7 24. Bh3 Ne4 25. Ra2 Nc3 26. Qa1 Bc5 27. Rc2 Nxf2 28. Qxc3 Nxh3+ 29. Kg2 Qe4+ 30. Kxh3 Rxf1 31. Qxc5 Rf5 32. Rc4 Qe6 33. Qc8 Rh5+ 34. Kg2 Qe2+ 35. Kg1 Qxh2+ 36. Kf1 Rf5+ 37. Ke1 Qg1+ 38. Kd2 Rf2+ 39. Kc3 Qc1+ 40. Kb4 Qb2+ 41. Ka4 Rf5 42. Qc6 Qe5 43. Qa6 Qd5 44. g4 Qd1+ 45. Kb4 Rf2 46. Qc6 Rb2+ 47. Kc5 Qd8 48. Rb4 Qg5+ 49. Kd6 Rd2+ 50. Kc7 Qd8+ 51. Kb7 Rd7+ 52. Ka6 Rd6 53. Rc4 Rxc6+ 54. Rxc6 Qd3+ 55. Kxa7 Qxa3+ 56. Kb7 Qb4+ 57. Kc7 Qxg4 58. Rd6 h5 59. Kc6 Qf4 60. Rd4 Qxd4 0-1


[Site "https://www.chess.com"]

[Event "Titled Tuesday Blitz June 13 Late 2023"]
[White "Womacka, Mathias"]
[Black "Fantinel, Thibault"]
[WhiteFideId "4611390"]
[BlackFideId "663395"]
[WhiteElo "2377"]
[BlackElo "2316"]
[Result "1/2-1/2"]
[Round "6"]
[TimeControl "180+2"]
[Date "2023.06.13"]
[WhiteClock "0:00:11"]
[BlackClock "0:00:09"]
[Board "88"]

1. e4 c5 2. Nf3 e6 3. d4 cxd4 4. Nxd4 Nc6 5. Nc3 Qc7 6. Be2 a6 7. O-O Nf6 8. Be3 Bb4 9. Na4 Be7 10. Nxc6 bxc6 11. Nb6 Rb8 12. Nxc8 Qxc8 13. Bd4 c5 14. Be5 Rb6 15. Qd3 d6 16. Bc3 O-O 17. b3 Nd7 18. Rad1 Bf6 19. Bxf6 Nxf6 20. Qe3 Qc7 21. f4 a5 22. a4 Rb4 23. Bc4 Rbb8 24. e5 dxe5 25. Qxe5 Qxe5 26. fxe5 Ng4 27. Rfe1 Rfd8 28. Rxd8+ Rxd8 29. h3 Nh6 30. g4 Kf8 31. Kf2 Ng8 32. Ke3 Ne7 33. Bd3 Nc6 34. Kf4 h6 35. Re4 Rd5 36. h4 Ke7 37. g5 hxg5+ 38. hxg5 f6 39. gxf6+ gxf6 40. exf6+ Kxf6 41. Bc4 e5+ 42. Ke3 Rd1 43. Rh4 Nd4 44. c3 Nf5+ 45. Ke2 Nxh4 46. Kxd1 e4 47. Ke2 Ke5 48. Ba6 Nf5 49. Bb7 Nd6 50. Bc6 Kf4 51. b4 cxb4 52. cxb4 axb4 53. a5 Nc8 54. a6 Na7 55. Ba4 Nc8 56. Kd2 Ke5 57. Ke3 Nb6 58. Bc2 Nd5+ 59. Ke2 Kd4 60. a7 Nb6 61. Kd2 Kc4 62. Bxe4 b3 63. Kc1 Kc3 64. Kb1 Kb4 65. a8=Q Nxa8 66. Bxa8 b2 67. Bd5 Kc5 68. Ba2 Kb6 69. Kxb2 1/2-1/2


[Site "https://www.chess.com"]

[Event "Titled Tuesday Blitz June 13 Late 2023"]
[White "Prydun, Andriy"]
[Black "Deng, Henry"]
[WhiteFideId "14145898"]
[BlackFideId "30965454"]
[WhiteElo "2164"]
[BlackElo "2550"]
[Result "0-1"]
[Round "6"]
[TimeControl "180+2"]
[Date "2023.06.13"]
[WhiteClock "0:00:03"]
[BlackClock "0:02:12"]
[Board "89"]

1. e4 c5 2. Nf3 e6 3. c3 Nf6 4. e5 Nd5 5. d4 cxd4 6. Qxd4 Nc6 7. Qe4 d6 8. exd6 Qxd6 9. Bd3 Be7 10. O-O Nf6 11. Qe2 O-O 12. Re1 Bd7 13. Bg5 h6 14. Bh4 Nd5 15. Qe4 f5 16. Bxe7 Ndxe7 17. Qe2 Ng6 18. Bb5 Rae8 19. Na3 a6 20. Nc4 Qc5 21. Bxc6 Bxc6 22. Nce5 Nxe5 23. Qxe5 Qb6 24. Re2 Bxf3 25. gxf3 Rf6 26. h4 Qc6 27. Qg3 Kh7 28. h5 f4 29. Qg4 Rf5 30. Kh2 Qb5 31. Qg6+ Kh8 32. Qxe8+ Qxe8 0-1


[Site "https://www.chess.com"]

[Event "Titled Tuesday Blitz June 13 Late 2023"]
[White "Slavin, Alexey"]
[Black "Camilla_Lee"]
[WhiteFideId "24104388"]
[WhiteElo "2264"]
[BlackElo "2549"]
[Result "1-0"]
[Round "6"]
[TimeControl "180+2"]
[Date "2023.06.13"]
[WhiteClock "0:01:55"]
[BlackClock "0:01:55"]
[Board "90"]

1. e4 e5 2. Nf3 Nc6 3. c3 d5 4. Qa4 Qd6 5. exd5 Qxd5 6. Bc4 Qd6 7. O-O Be7 8. d4 exd4 9. Nxd4 Nf6 10. Nxc6 bxc6 11. Bf4 Qd7 12. Rd1 Nd5 13. Rxd5 cxd5 14. Bb5 Bd6 15. Bxd6 cxd6 16. Nd2 1-0


[Site "https://www.chess.com"]

[Event "Titled Tuesday Blitz June 13 Late 2023"]
[White "GAO"]
[Black "Kim, Sergey"]
[BlackFideId "13700570"]
[WhiteElo "2379"]
[BlackElo "2546"]
[Result "1-0"]
[Round "6"]
[TimeControl "180+2"]
[Date "2023.06.13"]
[WhiteClock "0:01:06"]
[BlackClock "0:00:20"]
[Board "91"]

1. e4 e5 2. Nf3 Nc6 3. Bb5 a6 4. Ba4 Nf6 5. O-O b5 6. Bb3 Bc5 7. a4 Rb8 8. c3 d6 9. h3 h6 10. d4 Bb6 11. a5 Ba7 12. Re1 O-O 13. Be3 Ra8 14. Nbd2 Re8 15. Nf1 Bb7 16. Ng3 exd4 17. Nxd4 Nxd4 18. cxd4 Nxe4 19. Nxe4 Bxe4 20. Qg4 Qf6 21. Bxh6 d5 22. Bg5 Qxd4 23. Be3 Qxb2 24. Bxa7 Rxa7 25. Bxd5 Bxd5 26. Rxe8+ Kh7 27. Qh5# 1-0


[Site "https://www.chess.com"]

[Event "Titled Tuesday Blitz June 13 Late 2023"]
[White "Seresin, Francesco"]
[Black "D`Arruda, Ricardo D."]
[WhiteFideId "886335"]
[BlackFideId "100692"]
[WhiteElo "2219"]
[BlackElo "2524"]
[Result "0-1"]
[Round "6"]
[TimeControl "180+2"]
[Date "2023.06.13"]
[WhiteClock "0:01:16"]
[BlackClock "0:01:21"]
[Board "92"]

1. d4 Nf6 2. c4 e5 3. dxe5 Ne4 4. a3 Nc6 5. Nf3 d6 6. Nbd2 Nxd2 7. Bxd2 dxe5 8. Bc3 Qxd1+ 9. Rxd1 Be6 10. e3 f6 11. b4 a5 12. b5 Nb8 13. a4 Nd7 14. Nd2 Be7 15. Be2 Nc5 16. Ra1 Kf7 17. O-O Rhd8 18. Rfd1 Bf5 19. Bf3 Rd3 20. Bb2 Rad8 21. Nf1 b6 22. Bd5+ Be6 23. e4 Rxd1 24. Rxd1 Nxa4 25. Ne3 Nxb2 0-1


[Site "https://www.chess.com"]

[Event "Titled Tuesday Blitz June 13 Late 2023"]
[White "Martins, Vinicius Tine"]
[Black "Adury, Anant"]
[WhiteFideId "2112884"]
[BlackFideId "30964687"]
[WhiteElo "2373"]
[BlackElo "2352"]
[Result "0-1"]
[Round "6"]
[TimeControl "180+2"]
[Date "2023.06.13"]
[WhiteClock "0:00:16"]
[BlackClock "0:00:43"]
[Board "93"]

1. e4 e5 2. Nf3 Nf6 3. Nc3 Nc6 4. Nxe5 Nxe5 5. d4 Nc6 6. d5 Ne5 7. f4 Ng6 8. e5 Bb4 9. exf6 O-O 10. fxg7 Re8+ 11. Be2 Bc5 12. g3 d6 13. Qd3 Bh3 14. Bd2 Bg2 15. O-O-O Bxh1 16. Rxh1 Qe7 17. Bf3 Be3 18. Ne4 Bxd2+ 19. Kxd2 Kxg7 20. Qd4+ f6 21. Re1 h6 22. Re2 Qf7 23. Bh5 Qf8 24. f5 Ne5 25. Bxe8 Nf3+ 0-1


[Site "https://www.chess.com"]

[Event "Titled Tuesday Blitz June 13 Late 2023"]
[White "angelgab3"]
[Black "Matsuura, Frederico"]
[BlackFideId "2107848"]
[WhiteElo "2522"]
[BlackElo "2302"]
[Result "0-1"]
[Round "6"]
[TimeControl "180+2"]
[Date "2023.06.13"]
[WhiteClock "0:00:09"]
[BlackClock "0:00:07"]
[Board "94"]

1. e4 e6 2. d4 d5 3. Nc3 Bb4 4. e5 Qd7 5. Nf3 b6 6. a3 Bxc3+ 7. bxc3 Ba6 8. Bxa6 Nxa6 9. a4 Ne7 10. h4 h6 11. h5 Nc6 12. Qd3 Nab8 13. Rh3 Na5 14. Rg3 Nbc6 15. Rxg7 O-O-O 16. Bf4 Nc4 17. Nd2 N6a5 18. Nb3 Qe7 19. Nxa5 Nxa5 20. Qa6+ Kb8 21. Rb1 Ka8 22. Qd3 Qh4 23. Rxf7 Qxh5 24. Rxc7 Rhf8 25. Rxb6 Qh1+ 26. Kd2 Nc4+ 27. Rxc4 axb6 28. Rc7 Kb8 29. Rg7 Rxf4 30. Qa6 Rxf2+ 31. Qe2 Rxe2+ 32. Kxe2 Qh5+ 0-1


[Site "https://www.chess.com"]

[Event "Titled Tuesday Blitz June 13 Late 2023"]
[White "Peycheva, Gergana"]
[Black "Kornyukov, Alexey"]
[WhiteFideId "2916711"]
[BlackFideId "4150457"]
[WhiteElo "2216"]
[BlackElo "2352"]
[Result "1-0"]
[Round "6"]
[TimeControl "180+2"]
[Date "2023.06.13"]
[WhiteClock "0:00:03"]
[BlackClock "0:00:00"]
[Board "95"]

1. d4 d5 2. c4 e6 3. Nc3 c6 4. e3 Nf6 5. Nf3 Nbd7 6. Qc2 Bd6 7. b3 O-O 8. Be2 e5 9. cxd5 cxd5 10. Nb5 Bb4+ 11. Kf1 e4 12. Ne5 Nxe5 13. dxe5 Ng4 14. Bb2 Bd7 15. h3 Rc8 16. Qd1 Qh4 17. g3 Qh6 18. Kg2 Nxe3+ 19. fxe3 Qxe3 20. Bd4 Qg5 21. Rc1 f5 22. exf6 Bxb5 23. Bxb5 Bd6 24. Bf2 e3 25. Rxc8 Rxc8 26. Be1 Qf5 27. Rf1 Rc2+ 28. Kg1 Qe4 29. Be2 d4 30. f7+ Kf8 31. Qd3 Qxd3 32. Bxd3 Rxa2 33. Bc4 e2 34. Rf2 Bxg3 35. Rxe2 Rxe2 36. Bb4+ 1-0


[Site "https://www.chess.com"]

[Event "Titled Tuesday Blitz June 13 Late 2023"]
[White "Kokoszczynski, Jan"]
[Black "Torres Dominguez, David"]
[WhiteFideId "1174460"]
[BlackFideId "2220857"]
[WhiteElo "2139"]
[BlackElo "1999"]
[Result "0-1"]
[Round "6"]
[TimeControl "180+2"]
[Date "2023.06.13"]
[WhiteClock "0:00:02"]
[BlackClock "0:00:05"]
[Board "96"]

1. d4 e5 2. dxe5 d6 3. exd6 Bxd6 4. Nf3 Bg4 5. e3 Nc6 6. Bb5 Ne7 7. Nbd2 O-O 8. Ne4 Bb4+ 9. Bd2 Bxd2+ 10. Qxd2 Qc8 11. Bxc6 Nxc6 12. Qc3 Rd8 13. Ned2 Qe6 14. h3 Bh5 15. Qb3 Qf6 16. O-O-O Bg6 17. Rhe1 a5 18. a4 Nb4 19. e4 c6 20. Re3 b5 21. c3 bxa4 22. Qxa4 Nd3+ 23. Kc2 Nxf2 24. Rf1 Qf4 25. Re2 Nd3 26. Nd4 Qg5 27. Kxd3 c5 28. Nf3 Qh5 29. Qc6 cxd4 30. cxd4 Rac8 31. Qb6 Rb8 32. Qc7 Rdc8 33. Qd7 Rb3+ 34. Kd2 Rxb2+ 35. Ke3 Rb3+ 36. Kf2 Rbb8 37. Kg1 Rd8 38. Qa7 Re8 39. Re3 Qh6 40. d5 Ra8 41. Qd7 Qxe3+ 42. Kh1 Qxe4 43. Ng5 Qe7 44. Qb5 Qxg5 45. Rb1 Bxb1 0-1


[Site "https://www.chess.com"]

[Event "Titled Tuesday Blitz June 13 Late 2023"]
[White "Lin, Dachey"]
[Black "DampFalcon"]
[WhiteFideId "2029650"]
[WhiteElo "2313"]
[BlackElo "2141"]
[Result "1-0"]
[Round "6"]
[TimeControl "180+2"]
[Date "2023.06.13"]
[WhiteClock "0:00:54"]
[BlackClock "0:00:11"]
[Board "97"]

1. g4 d5 2. Bg2 c6 3. g5 e5 4. d4 exd4 5. Qxd4 Nd7 6. e4 dxe4 7. Nc3 f6 8. Nxe4 Qe7 9. Ne2 c5 10. Qa4 f5 11. N4c3 Qd8 12. Bf4 Ne7 13. Nb5 Kf7 14. Bc7 Nb6 15. Qa5 Qd7 16. Rd1 Qe6 17. Nd6+ Kg6 18. Bxb6 Nc6 19. Bxc6 bxc6 20. Bxc5 Be7 21. h4 Kh5 22. Kf1 Qe5 23. Ng3+ Kg6 24. Re1 Qxb2 25. h5+ Kxg5 26. Qd2+ f4 27. Nf7+ Kg4 28. f3+ Kxf3 29. Qe2+ Kxg3 30. Qg2# 1-0


[Site "https://www.chess.com"]

[Event "Titled Tuesday Blitz June 13 Late 2023"]
[White "Fisher_TheGalactic"]
[Black "Kaplan, Avi Harrison"]
[BlackFideId "30934559"]
[WhiteElo "2685"]
[BlackElo "1983"]
[Result "1-0"]
[Round "6"]
[TimeControl "180+2"]
[Date "2023.06.13"]
[WhiteClock "0:00:17"]
[BlackClock "0:00:06"]
[Board "98"]

1. Nf3 b6 2. d4 Bb7 3. c4 f5 4. Nc3 Nf6 5. d5 a5 6. Nd4 g6 7. Bf4 Bg7 8. Ncb5 Na6 9. e3 O-O 10. Be2 Ne4 11. O-O g5 12. Bg3 e5 13. dxe6 f4 14. exd7 fxg3 15. Ne6 Qf6 16. Nxf8 gxf2+ 17. Kh1 g4 18. Bxg4 Qh4 19. Be6+ Kh8 20. Qg4 Qh6 21. Bd5 Nf6 22. Qf3 Bxd5 23. cxd5 Rxf8 24. Rxf2 Nc5 25. Raf1 Ncxd7 26. Nxc7 Ne5 27. Qg3 Neg4 28. Rf4 Rg8 29. Ne6 Nh5 30. Qxg4 Nxf4 31. Qxf4 Qg6 32. Qf5 Qe8 33. d6 Bf8 34. Qf6+ Bg7 35. Nxg7 Rxg7 36. Qf8+ Rg8 37. Qxe8 Rxe8 38. d7 Rd8 39. Rd1 Kg7 40. g4 Kf6 41. Kg2 Ke5 42. Kg3 h6 43. Kh4 Ke4 44. Kh5 Kxe3 45. Kxh6 Kf4 46. g5 Kf5 47. g6 Kf6 48. g7 Kf7 49. Rf1+ Ke6 50. Rf8 Rxd7 51. g8=Q+ Kd6 52. Rd8 Rxd8 53. Qxd8+ Kc6 54. Qd3 a4 55. Kg5 a3 56. b3 Kb7 57. h4 Ka7 58. h5 Kb7 59. h6 Kc6 60. h7 Kc5 61. h8=Q Kc6 62. Qh6+ Kb7 63. Qb5 Ka8 64. Qhc6+ Kb8 65. Qcxb6+ Kc8 66. Qe8# 1-0


[Site "https://www.chess.com"]

[Event "Titled Tuesday Blitz June 13 Late 2023"]
[White "Renjith, Sravan"]
[Black "Lalanne, Pablo"]
[WhiteFideId "4306783"]
[BlackFideId "112151"]
[WhiteElo "2104"]
[BlackElo "2120"]
[Result "1-0"]
[Round "6"]
[TimeControl "180+2"]
[Date "2023.06.13"]
[WhiteClock "0:00:04"]
[BlackClock "0:00:04"]
[Board "99"]

1. e4 c5 2. Nf3 d6 3. c3 Nf6 4. Be2 Nc6 5. d4 cxd4 6. cxd4 d5 7. e5 Ne4 8. Nc3 Nxc3 9. bxc3 Bg4 10. O-O e6 11. Rb1 Qc7 12. h3 Bf5 13. Rb2 Ba3 14. Rxb7 Qxb7 15. Bxa3 Ne7 16. Qa4+ Kf8 17. Bb5 Rc8 18. Ba6 Qc6 19. Bxe7+ Kxe7 20. Qb4+ Kd8 21. Bxc8 Kxc8 22. Qe7 Qc7 23. Qa3 Kd7 24. g4 Bd3 25. Re1 Rc8 26. Qa4+ Ke7 27. Qb4+ Ke8 28. Rc1 a5 29. Qa4+ Kf8 30. Nd2 Kg8 31. Nb3 Qe7 32. Nc5 Be2 33. Re1 Bc4 34. Qxa5 h5 35. Re3 hxg4 36. hxg4 Rb8 37. Qa3 Qh4 38. Qc1 Qxg4+ 39. Rg3 Qf5 40. Qe3 Rb1+ 41. Kh2 Qh7+ 42. Rh3 Qg6 43. Qg3 Qxg3+ 44. Rxg3 Rb2 45. Rg2 Rxa2 46. Kg3 Rc2 47. Kf4 Rxc3 48. Nd7 Rc2 49. Ke3 Rc3+ 50. Kf4 Rd3 51. f3 Rxd4+ 52. Kg5 Rd3 53. Rb2 Kh7 54. Nf8+ Kg8 55. Rb8 f6+ 56. Kg6 Rxf3 57. Nxe6# 1-0


[Site "https://www.chess.com"]

[Event "Titled Tuesday Blitz June 13 Late 2023"]
[White "Sun, Rick"]
[Black "Pein, Jonathan"]
[WhiteFideId "30909481"]
[BlackFideId "417092"]
[WhiteElo "2169"]
[BlackElo "2151"]
[Result "1-0"]
[Round "6"]
[TimeControl "180+2"]
[Date "2023.06.13"]
[WhiteClock "0:00:17"]
[BlackClock "0:00:14"]
[Board "100"]

1. e4 d5 2. exd5 Qxd5 3. Nc3 Qa5 4. Nf3 Nf6 5. b4 Qxb4 6. Rb1 Qd6 7. d4 g6 8. Bd3 Bg7 9. Nb5 Qd8 10. Bf4 Nd5 11. Be5 f6 12. Bg3 a6 13. c4 axb5 14. cxd5 Qxd5 15. Bxc7 Nc6 16. O-O Bg4 17. Rxb5 Bxf3 18. Rxd5 Bxd1 19. Rxd1 Rxa2 20. Rb5 Nxd4 21. Rxb7 f5 22. h4 Bf6 23. h5 gxh5 24. Bc4 Rc2 25. Bd5 Ne2+ 26. Kh1 Nc3 27. Be6 Kf8 28. Rd8+ Kg7 29. Rxh8 Kxh8 30. Rb8+ Kg7 31. Rg8+ Kh6 32. Bf4+ Bg5 33. Bxg5# 1-0


[Site "https://www.chess.com"]

[Event "Titled Tuesday Blitz June 13 Late 2023"]
[White "Spata, German"]
[Black "Kubatko, Ivan"]
[WhiteFideId "113026"]
[BlackFideId "24111473"]
[WhiteElo "2260"]
[BlackElo "2285"]
[Result "0-1"]
[Round "6"]
[TimeControl "180+2"]
[Date "2023.06.13"]
[WhiteClock "0:00:00"]
[BlackClock "0:00:04"]
[Board "101"]

1. Nf3 d5 2. d4 c5 3. c3 Nf6 4. e3 Nc6 5. Bd3 g6 6. O-O Bg7 7. Nbd2 O-O 8. Re1 Nd7 9. h3 e5 10. dxe5 Ndxe5 11. Nxe5 Nxe5 12. Be2 Be6 13. Nf3 Nc6 14. Qc2 Rc8 15. b3 d4 16. Bb2 Qb6 17. Bf1 Rfd8 18. Rad1 dxc3 19. Bxc3 Nb4 20. Bxb4 cxb4 21. Rxd8+ Qxd8 22. Qb1 Qc7 23. Nd4 Bd5 24. Rd1 Qc5 25. Be2 a5 26. Bf3 Bxf3 27. Nxf3 b5 28. Qe4 a4 29. Rd5 Qc1+ 30. Kh2 Qc2 31. Qxc2 Rxc2 32. Rxb5 axb3 33. axb3 Bc3 34. Kg3 Rb2 35. Nd4 Be1 36. Kf3 Rxf2+ 37. Ke4 Rb2 38. g4 Bc3 39. Kd5 Rh2 40. Nc6 Rxh3 41. e4 Rg3 42. Nxb4 Rxg4 43. Nc6 Kg7 44. Rc5 Rg3 45. b4 h5 46. b5 h4 47. b6 h3 48. b7 h2 49. b8=Q h1=Q 50. Qxg3 Qd1+ 51. Kc4 Bf6 0-1


[Site "https://www.chess.com"]

[Event "Titled Tuesday Blitz June 13 Late 2023"]
[White "Hajiyev, Kanan"]
[Black "Goncalves, Davi Sulzbacher"]
[WhiteFideId "13404148"]
[BlackFideId "2154510"]
[WhiteElo "2115"]
[BlackElo "2182"]
[Result "1-0"]
[Round "6"]
[TimeControl "180+2"]
[Date "2023.06.13"]
[WhiteClock "0:00:08"]
[BlackClock "0:00:13"]
[Board "102"]

1. d4 Nf6 2. Nf3 e6 3. c4 b6 4. Nc3 Bb4 5. Qb3 c5 6. a3 Bxc3+ 7. Qxc3 Bb7 8. dxc5 bxc5 9. g3 Nc6 10. Bg2 Nd4 11. Be3 Ne4 12. Qd3 Qa5+ 13. b4 Qc7 14. Nxd4 cxd4 15. Bxd4 f5 16. Bxg7 Rg8 17. Bd4 Nc5 18. Bxc5 Bxg2 19. Rg1 Be4 20. Qd4 Rc8 21. Rc1 e5 22. Qd6 Qxd6 23. Bxd6 Bd5 24. Bxe5 Bxc4 25. Kd2 Ba6 26. Rxc8+ Bxc8 27. Rc1 Ke7 28. Rc7 a6 29. Bd4 Ke6 30. f3 Kd6 31. Ra7 Kc6 32. Ke3 Re8+ 33. Kf2 Kb5 34. Ra8 Kc4 35. Bc5 Kb3 36. e3 Kc2 37. h4 Kb3 38. Ke2 Kc4 39. h5 d5 40. h6 Rg8 41. Kd2 Re8 42. Kc2 Kb5 43. Kc3 Bd7 44. Rxe8 Bxe8 45. Kd4 Bc6 46. Ke5 d4 47. exd4 Kc4 48. f4 Bd7 49. Kf6 Bc6 50. Kg7 Be4 51. Kxh7 Bd5 52. Kg6 Bg8 53. h7 Bxh7+ 54. Kxh7 Kd5 55. Kg6 Ke6 56. Kg5 Kd5 57. Kxf5 Kc4 58. g4 Kb5 59. g5 a5 60. bxa5 Ka6 61. g6 Kb7 62. g7 Ka6 63. g8=Q Kb5 64. Qb3+ Kc6 65. Qb6+ Kd5 66. Qd6+ Kc4 67. Qe6+ Kb5 68. Qb6+ Kc4 69. a6 Kd3 70. Qb5+ Kc3 71. d5 Kd2 72. Bd6 Ke1 73. Qc5 Kd2 74. Qd4+ Kc2 75. Ke4 Kb3 76. Kd3 Ka2 77. Qb4 Ka1 78. Kc2 1-0


[Site "https://www.chess.com"]

[Event "Titled Tuesday Blitz June 13 Late 2023"]
[White "Silva, Caio Henrique Angelico"]
[Black "Myers, Dominique"]
[WhiteFideId "22777210"]
[BlackFideId "2041715"]
[WhiteElo "2096"]
[BlackElo "1951"]
[Result "0-1"]
[Round "6"]
[TimeControl "180+2"]
[Date "2023.06.13"]
[WhiteClock "0:01:46"]
[BlackClock "0:02:32"]
[Board "103"]

1. d4 Nf6 2. Nf3 g6 3. g3 Bg7 4. Bg2 c6 5. O-O d5 6. c4 O-O 7. cxd5 cxd5 8. Ne5 Nc6 9. Nxc6 bxc6 10. Nc3 Nd7 11. b3 e5 12. dxe5 Nxe5 13. Bb2 Ba6 14. Re1 Re8 15. Rc1 Rb8 16. Na4 Bb5 17. Nc3 Ba6 18. e4 Nd3 19. Qc2 Nxe1 20. Rxe1 dxe4 21. Nxe4 Bd3 22. Qc1 Bxe4 23. Bxe4 Bxb2 24. Qxb2 f5 0-1


[Site "https://www.chess.com"]

[Event "Titled Tuesday Blitz June 13 Late 2023"]
[White "Manukyan, Sargis A."]
[Black "Nikologorsky, Matfei"]
[WhiteFideId "13303970"]
[BlackFideId "24102474"]
[WhiteElo "2187"]
[BlackElo "2153"]
[Result "0-1"]
[Round "6"]
[TimeControl "180+2"]
[Date "2023.06.13"]
[WhiteClock "0:00:38"]
[BlackClock "0:00:37"]
[Board "104"]

1. d4 Nf6 2. c4 e6 3. Nc3 Bb4 4. a3 Bxc3+ 5. bxc3 c5 6. e3 O-O 7. Bd3 d5 8. cxd5 exd5 9. Ne2 Nc6 10. O-O b6 11. f3 Bb7 12. Ra2 Re8 13. g4 Qe7 14. Ng3 cxd4 15. cxd4 Bc8 16. Rg2 Na5 17. h4 Nc4 18. g5 Nd7 19. e4 b5 20. e5 Nf8 21. f4 Qc7 22. f5 Qb6 23. Qg4 Nxe5 24. Qh5 Nxd3 25. g6 hxg6 26. Qf3 Qxd4+ 27. Kh1 gxf5 28. Nxf5 Bxf5 29. Qxf5 Qxh4+ 30. Rh2 Qe4+ 31. Qxe4 dxe4 32. Be3 Ng6 33. Kg2 Rac8 34. Kg3 Rc3 35. Rfh1 Nde5 36. Kf2 Ng4+ 37. Kg3 Nxh2 38. Rxh2 Rxe3+ 39. Kg4 Re5 40. a4 f5+ 41. Kg5 Rg3+ 42. Kh5 f4# 0-1


[Site "https://www.chess.com"]

[Event "Titled Tuesday Blitz June 13 Late 2023"]
[White "Dobrowolski, Piotr"]
[Black "Pesotskiy, Mikhail"]
[WhiteFideId "1106236"]
[BlackFideId "34164453"]
[WhiteElo "2305"]
[BlackElo "2131"]
[Result "1-0"]
[Round "6"]
[TimeControl "180+2"]
[Date "2023.06.13"]
[WhiteClock "0:00:17"]
[BlackClock "0:00:00"]
[Board "105"]

1. e4 e6 2. Nf3 d5 3. Nc3 Nf6 4. e5 Nfd7 5. Ne2 c5 6. c3 Nc6 7. d4 Qb6 8. a3 cxd4 9. cxd4 f6 10. Nf4 fxe5 11. Nxe6 e4 12. Nfg5 Nf6 13. Bf4 Bxe6 14. Nxe6 Rc8 15. b4 Nxb4 16. Qa4+ Kf7 17. Ng5+ Kg6 18. axb4 Bxb4+ 19. Ke2 Qxd4 20. Qd1 Qc4+ 21. Ke3 d4+ 22. Qxd4 Bc5 23. Bxc4 Bxd4+ 24. Kxd4 Rhd8+ 25. Kc3 Rd3+ 26. Kb4 Rd4 27. Rhc1 1-0


[Site "https://www.chess.com"]

[Event "Titled Tuesday Blitz June 13 Late 2023"]
[White "MaryanKyrychenko"]
[Black "Abduzhaparov"]
[WhiteElo "2567"]
[BlackElo "2402"]
[Result "1-0"]
[Round "6"]
[TimeControl "180+2"]
[Date "2023.06.13"]
[WhiteClock "0:01:04"]
[BlackClock "0:00:32"]
[Board "106"]

1. e4 d6 2. d4 Nf6 3. Nc3 e5 4. dxe5 dxe5 5. Qxd8+ Kxd8 6. Bg5 Be6 7. O-O-O+ Nd7 8. f4 exf4 9. e5 h6 10. Bh4 g5 11. exf6 gxh4 12. Nge2 Bc5 13. Kb1 Be3 14. Nd4 Kc8 15. Nxe6 fxe6 16. Bc4 Nxf6 17. Bxe6+ Kb8 18. Rhf1 c6 19. g3 hxg3 20. hxg3 Re8 21. gxf4 Bxf4 22. Bf7 Bg5 23. Rxf6 Bxf6 24. Bxe8 Kc7 25. Bh5 Bxc3 26. bxc3 Rg8 27. Rf1 Rg5 28. Be2 Rc5 29. Kb2 h5 30. Rh1 Re5 31. Bxh5 Rb5+ 32. Kc1 Ra5 33. Kb2 Rb5+ 34. Ka1 Rc5 35. Rh3 a5 36. Be2 Re5 37. Bd3 Rc5 38. Kb2 Re5 39. a4 Rc5 40. Rh7+ Kb8 41. c4 b6 42. Kc3 Kc8 43. Kd4 Kb8 44. Be4 Kc8 45. c3 Kb8 46. Rf7 Kc8 47. Rf5 Rxf5 48. Bxf5+ Kc7 49. Ke5 b5 50. cxb5 cxb5 51. axb5 Kb6 52. c4 Kc5 53. Bc2 1-0


[Site "https://www.chess.com"]

[Event "Titled Tuesday Blitz June 13 Late 2023"]
[White "Papayan, Oleg"]
[Black "Makaraci, Tunahan"]
[WhiteFideId "4193911"]
[BlackFideId "6356559"]
[WhiteElo "2167"]
[BlackElo "2160"]
[Result "1-0"]
[Round "6"]
[TimeControl "180+2"]
[Date "2023.06.13"]
[WhiteClock "0:00:18"]
[BlackClock "0:00:32"]
[Board "107"]

1. e4 Nf6 2. e5 Nd5 3. d4 d6 4. c4 Nb6 5. f4 dxe5 6. fxe5 Bf5 7. Nc3 e6 8. Be3 Bb4 9. Nf3 c5 10. a3 Bxc3+ 11. bxc3 Nc6 12. Be2 O-O 13. O-O Bg6 14. Qd2 Rc8 15. Rac1 Na5 16. Qa2 cxd4 17. cxd4 Qd7 18. d5 exd5 19. Bxb6 axb6 20. cxd5 Rxc1 21. Rxc1 Be4 22. d6 Nc6 23. Qb2 Re8 24. Qxb6 h6 25. Nd4 Rxe5 26. Nxc6 Bxc6 27. Bf3 Bxf3 28. gxf3 Rg5+ 29. Kh1 Rg6 30. Qc7 Qh3 31. Qc8+ Qxc8 32. Rxc8+ Kh7 33. d7 1-0


[Site "https://www.chess.com"]

[Event "Titled Tuesday Blitz June 13 Late 2023"]
[White "WindWhistler11"]
[Black "Ansh M Shah"]
[BlackFideId "25033379"]
[WhiteElo "2560"]
[BlackElo "2084"]
[Result "0-1"]
[Round "6"]
[TimeControl "180+2"]
[Date "2023.06.13"]
[WhiteClock "0:00:00"]
[BlackClock "0:00:08"]
[Board "108"]

1. c4 c6 2. g3 d5 3. Qc2 g6 4. d3 Bg7 5. Bg2 e6 6. Nc3 Ne7 7. b3 O-O 8. Bb2 b6 9. Nf3 Bb7 10. O-O c5 11. e4 dxe4 12. Nxe4 Nbc6 13. Bxg7 Kxg7 14. Qb2+ Nd4 15. b4 Bxe4 16. Nxd4 Qxd4 17. Qxd4+ cxd4 18. Bxe4 Rac8 19. a4 Nc6 20. Rfb1 f5 21. Bxc6 Rxc6 22. b5 Rc5 23. a5 Rf7 24. axb6 axb6 25. Ra8 e5 26. Rb8 Rf6 27. Rd8 Re6 28. Rb4 Kf6 29. Ra4 Ke7 30. Raa8 e4 31. Rxd4 exd3 32. Ra7+ Kf6 33. Rxh7 Re1+ 34. Kg2 d2 35. Rhd7 Kg5 36. h4+ Kh6 37. Rxd2 Rxc4 38. R7d6 f4 39. Rxb6 fxg3 40. fxg3 Re3 41. Rf2 Rcc3 42. Kh2 Rxg3 43. Rff6 Rh3+ 44. Kg2 Rcg3+ 45. Kf2 Rg4 46. Rbc6 Rhxh4 47. b6 Rh2+ 48. Kf3 Rg1 49. Ke4 Rb2 50. Kd5 Rd1+ 51. Ke6 Rdb1 52. Kf7 Rg1 53. Rc8 Kh7 54. Rc7 Kh6 0-1


[Site "https://www.chess.com"]

[Event "Titled Tuesday Blitz June 13 Late 2023"]
[White "Topalov, Aleksandar"]
[Black "Vovk, Orest"]
[WhiteFideId "925659"]
[BlackFideId "14113490"]
[WhiteElo "2151"]
[BlackElo "2215"]
[Result "0-1"]
[Round "6"]
[TimeControl "180+2"]
[Date "2023.06.13"]
[WhiteClock "0:00:00"]
[BlackClock "0:00:04"]
[Board "109"]

1. b3 Nf6 2. Bb2 Rg8 3. h4 e6 4. Nf3 h6 5. e3 g5 6. hxg5 hxg5 7. Be2 Nc6 8. c4 b6 9. d4 d5 10. cxd5 Bb4+ 11. Bc3 Qxd5 12. Bxb4 Nxb4 13. Ne5 g4 14. Nxg4 Nxg4 15. Bxg4 Qxg2 16. Bf3 Nc2+ 17. Ke2 Ba6+ 18. Kd2 Qxf2+ 19. Kc3 Nxe3 20. Bc6+ Ke7 21. Qd2 Qg3 22. Kb2 Rad8 23. Nc3 Rd6 24. Be4 Rgd8 25. Rhe1 Ng4 26. Rg1 Qh4 27. Qf4 Rxd4 28. Rxg4 Rd2+ 29. Ka3 Qf6 0-1


[Site "https://www.chess.com"]